AoeStats
← GalatiansTwoTwenty

Arabia

507913413Analyzed
1v1 RM · 11d ago on Sep 20, 2026· 51m 24s· 2 players
Game mode
Random Map
Map size
Tiny (2 player)
Population
200
Speed
Normal
Resources
Standard
Victory
Conquest
Starting age
Dark Age
Ending age
Imperial Age
RankedLock teamsTeams togetherTeam positionsShared explorationLock speedFull tech treeHidden civsTurbo modeCheats
Victory
Defeat
🇺🇸 Spanish · United States
1365
+13
🇲🇽 Mapuche · Mexico
1301
-13
[DH]ElReyDavid
7:15 Loom
9:51 Feudal Age
11:02 Double-Bit Axe
11:33 Fletching
24:58 Castle Age
24:09 Horse Collar
24:20 Stone Mining
25:07 Gold Mining
25:44 Bodkin Arrow
26:14 Bow Saw
26:48 Pikeman
31:26 Wheelbarrow
31:39 Heavy Plow
35:21 Stone Shaft Mining
36:13 Gold Mining
38:21 Ballistics
40:32 Imperial Age
38:23 Hand Cart
38:35 Padded Archer Armor
39:59 Leather Archer Armor
39:47 Malon
40:34 Elite Kona
41:35 Conscription
41:29 Butalmapu
41:30 Town Watch
42:45 Crop Rotation
41:38 Halberdier
43:32 Chemistry
43:55 Ring Archer Armor
44:47 Forging
46:06 Iron Casting
46:12 Arson
49:01 Blast Furnace
48:20 Town Patrol
49:22 Gold Shaft Mining
GalatiansTwoTwenty
6:37 Loom
8:55 Feudal Age
9:23 Double-Bit Axe
10:46 Scale Barding Armor
17:09 Forging
19:36 Bloodlines
26:15 Castle Age
28:17 Bow Saw
27:58 Stone Mining
30:29 Wheelbarrow
30:43 Husbandry
30:39 Gold Mining
32:56 Town Watch
33:14 Horse Collar
36:35 Heavy Plow
43:35 Chain Barding Armor
44:29 Iron Casting
46:56 Imperial Age
44:02 Pikeman
44:42 Squires
45:16 Scale Mail Armor
46:00 Hand Cart
45:17 Man-at-Arms
46:08 Gambesons
46:39 Chain Mail Armor
46:02 Long Swordsman
46:51 Fletching
46:58 Two-Handed Swordsman
48:15 Plate Mail Armor
48:07 Conscription
49:03 Two-Man Saw
47:55 Halberdier
48:23 Champion
51:25 Blast Furnace
50:34 Fletching
Connection lost

Rejoining the realm…

Still unreachable

The connection could not be restored.

Session expired

The server has moved on; the page needs a fresh start.